Map: 2000 Atmospheres LE

Players

PtitDrogo

  • Race: Protoss Protoss

Elazer - Winner!

  • Race: Zerg Zerg

Event: DreamHack SC2 Masters 2021 Winter

VOD

Have the link to the VOD?

Description

Time

  • Played on: Oct. 1, 2021, 11:20 a.m.
  • Length: 7:39

All games in this series

Show
View Real Time Build Order
Export as new Build Order

PtitDrogo Protoss 

Build Orders: 1 Gate Expand, Oracle Opening 

Get SALT Encoding   

  12  0:00  Probe  
  13  0:12  Probe  
  14  0:19  Pylon  
  14  0:24  Probe  
  15  0:37  Probe (Chrono Boost)  
  15  0:39  Gateway  
  16  0:46  Probe (Chrono Boost)  
  16  0:49  Assimilator  
  17  0:53  Probe  
  18  1:05  Probe  
  19  1:18  Probe  
  20  1:25  Nexus  
  20  1:36  Cybernetics Core  
  21  1:40  Probe  
  21  1:44  Assimilator  
  21  1:52  Probe  
  21  1:55  Pylon  
  21  2:04  Probe  
  22  2:10  Adept (Chrono Boost)  
  24  2:16  Probe  
  24  2:18  Stargate  
  25  2:26  Warp Gate  
  25  2:29  Probe (Chrono Boost)  
  26  2:30  Adept (Chrono Boost)  
  28  2:38  Probe (Chrono Boost)  
  30  2:46  Probe (Chrono Boost)  
  30  2:47  Probe (Chrono Boost)  
  31  2:52  Probe x2 (Chrono Boost)  
  31  2:53  Adept  
  35  3:04  Oracle (Chrono Boost)  
  35  3:05  Probe x2  
  37  3:11  Pylon  
  40  3:17  Probe x2  
  42  3:27  Gateway  
  42  3:29  Probe x2  
  42  3:32  Oracle (Chrono Boost)  
  44  3:36  Pylon  
  44  3:41  Probe x2  
  49  3:53  Probe x2  
  51  3:57  Nexus  
  51  4:04  Oracle  
  51  4:05  Probe  
  51  4:06  Probe  
  56  4:11  Pylon  
  56  4:12  Assimilator  
  56  4:16  Assimilator  
  56  4:17  Adept  
  56  4:22  Zealot  
  56  4:24  Probe x2  
  54  4:34  Pylon  
  54  4:36  Probe x2  
  56  4:46  Adept  
  56  4:47  Adept  
  56  4:48  Probe x2  
  62  5:00  Probe x2  
  64  5:09  Twilight Council  
  64  5:10  Forge  
  64  5:11  Gateway  
  64  5:12  Gateway, Probe x3 (Chrono Boost)  
  67  5:16  Pylon  
  69  5:21  Probe (Chrono Boost)  
  69  5:22  Probe (Chrono Boost)  
  69  5:24  Probe (Chrono Boost)  
  69  5:26  Probe (Chrono Boost)  
  69  5:27  Probe (Chrono Boost)  
  69  5:33  Pylon  
  69  5:34  Gateway  
  72  5:36  Sentry x2  
  72  5:37  Gateway  
  72  5:38  Probe (Chrono Boost)  
  77  5:43  Shield Battery  
  77  5:44  Blink (Chrono Boost)  
  77  5:46  Probe (Chrono Boost)  
  77  5:47  Probe (Chrono Boost)  
  78  5:51  Probe (Chrono Boost)  
  79  6:00  Probe x2  
  79  6:03  Assimilator x2  
  81  6:04  Gateway  
  81  6:08  Stalker x3  
  81  6:10  Sentry  
  87  6:15  Probe  
  87  6:16  Gateway  
  87  6:17  Probe x2  
  90  6:23  Robotics Facility  
  89  6:26  Gateway  
  89  6:28  Probe  
  89  6:31  Sentry  
  89  6:32  Probe x2  
  94  6:40  Probe  
  94  6:44  Probe x2  
  94  6:46  Pylon  
  97  6:48  Pylon  
  97  6:52  Probe  
  98  6:56  Probe x2  
  100  7:04  Stalker x4  
  100  7:06  Shield Battery  
  100  7:07  Shield Battery  
  108  7:08  Pylon  
  108  7:14  Robotics Bay  
  112  7:15  Pylon  
  112  7:16  Zealot  
  112  7:18  Stalker  
  103  7:31  Stalker x2  
Show
View Real Time Build Order
Export as new Build Order

Elazer Zerg - Winner!

Build Orders: Hatch First 

Get SALT Encoding   

  12  0:00  Drone  
  13  0:12  Overlord  
  13  0:16  Drone  
  14  0:30  Drone x2  
  16  0:48  Hatchery  
  15  0:50  Drone  
  15  0:54  Drone  
  17  0:57  Drone  
  18  1:08  Extractor  
  17  1:13  Spawning Pool  
  17  1:16  Drone  
  17  1:20  Drone  
  18  1:28  Drone  
  19  1:38  Drone  
  20  1:55  Overlord  
  20  2:00  Queen  
  20  2:01  Drone  
  23  2:02  Drone  
  23  2:03  Queen  
  26  2:10  Drone x2  
  26  2:13  Metabolic Boost  
  28  2:21  Drone, Zergling x2  
  30  2:31  Drone  
  30  2:32  Drone  
  30  2:36  Queen  
  34  2:42  Overlord  
  34  2:43  Zergling x2  
  35  2:52  Hatchery  
  35  2:55  Zergling x2  
  35  2:56  Zergling x2  
  36  3:04  Overlord  
  36  3:08  Drone x4  
  36  3:10  Drone x2  
  36  3:12  Drone  
  43  3:17  Evolution Chamber  
  42  3:23  Queen  
  42  3:27  Overlord  
  45  3:29  Drone x2  
  47  3:34  Queen  
  47  3:40  Drone  
  47  3:41  Zergling x4  
  52  3:45  Zergling x6  
  56  3:48  Zergling x6  
  56  3:53  Overlord  
  58  4:00  Drone  
  58  4:01  Drone  
  60  4:08  Drone  
  60  4:09  Overlord  
  61  4:10  Queen  
  61  4:12  Drone x4  
  64  4:25  Drone x6  
  69  4:32  Spore Crawler  
  69  4:33  Drone x2  
  69  4:35  Spore Crawler  
  69  4:37  Overlord  
  68  4:42  Lair  
  67  4:45  Drone x4  
  67  4:48  Drone x2  
  67  4:49  Spore Crawler  
  72  4:54  Roach Warren, Extractor  
  72  4:55  Extractor  
  72  4:56  Drone x4  
  70  5:03  Overlord  
  70  5:06  Drone x4  
  73  5:08  Drone x2  
  73  5:10  Drone  
  76  5:18  Drone x4  
  79  5:21  Drone  
  79  5:26  Extractor  
  79  5:27  Overlord  
  78  5:29  Zergling x8  
  78  5:34  Zergling x4  
  84  5:35  Hatchery  
  84  5:36  Overlord  
  84  5:39  Glial Reconstitution  
  84  5:40  Overlord  
  83  5:52  Extractor  
  83  5:53  Overlord  
  83  5:56  Roach x9, Extractor  
  97  6:03  Overlord  
  95  6:08  Roach x4  
  103  6:13  Roach x4  
  103  6:14  Overlord  
  112  6:20  Roach  
  112  6:21  Roach  
  112  6:23  Roach x3  
  122  6:27  Overlord  
  122  6:29  Overlord  
  122  6:32  Overlord  
  121  6:36  Roach x4  
  129  6:41  Roach x2  
  129  6:44  Roach x2  
  137  6:51  Zergling x2  
  137  6:52  Zergling x10  
  137  6:53  Ravager x3  
  147  6:54  Ravager  
  147  7:00  Zergling x8  
  147  7:01  Zergling x6  
  148  7:04  Ravager  
  147  7:09  Zergling x6  
  149  7:18  Ravager x2  
  149  7:20  Zergling x16  

Tags
 
Add a new tag
Caveats
  • Supply blocks, unpowered buildings, or Contaminate may cause inaccurate times.
  • Supply counts are checked every 10 seconds.